[Event "CZE-ch U12 Open 2023"]
[Site "Teplice"]
[Date "2023.03.13"]
[Round "3.1"]
[White "Sochor, Antonin"]
[Black "Chernyy, Andrey"]
[Result "1-0"]
[ECO "C27"]
[WhiteElo "1574"]
[BlackElo "1605"]
[Annotator "NA RC COMBH"]
[PlyCount "117"]
[EventDate "2023.03.09"]
[EventType "swiss"]
[EventCountry "CZE"]
[SourceTitle "playchess.com"]
[Source "ChessBase"]
[SourceQuality "1"]
[TimeControl "40/5400+30:1800+30"]

1. e4 e5 2. Nc3 Nf6 3. Bc4 Nxe4 4. Nxe4 d5 5. Bb3 dxe4 6. Ne2 Bg4 7. O-O Nc6 8. Qe1 Bd6 9. Ng3 O-O 10. Nxe4 Nd4 11. Nxd6 cxd6 12. f3 Bf5 13. d3 Rc8 14. Rf2 Rc7 15. Be3 Nxb3 16. axb3 b6 17. Rd2 Qf6 18. c3 Re8 19. Qf2 Qg6 20. Rad1 d5 21. Kh1 Rc6 22. Qh4 Rce6 23. g4 e4 24. gxf5 Qxf5 25. Qg4 Qxf3+ 26. Qxf3 exf3 27. Bf2 h6 28. c4 dxc4 29. bxc4 Re2 30. d4 R2e4 31. b3 g5 32. h3 h5 33. d5 R8e7 34. Kh2 f5 35. Kg3 g4 36. hxg4 hxg4 37. Rd4 Re2 38. b4 Rc2 39. d6 Rd7 40. Rf4 Kh7 41. c5 bxc5 42. bxc5 Kg6 43. Re1 Rh7 44. Ra4 Rh3+ 45. Kf4 Rxf2 46. d7 Rd2 47. Rxa7 f2 48. Rf1 Rf3+ 49. Ke5 Re3+ 50. Kf4 Re1 51. Ra6+ Kf7 52. Rd6 Rxd6 53. cxd6 Rxf1 54. d8=Q Re1 55. Qd7+ Kg8 56. Qd8+ Kf7 57. Qd7+ Kg8 58. Kg5 f1=Q 59. Kg6 1-0

[Event "CZE-ch U12 Open 2023"]
[Site "Teplice"]
[Date "2023.03.13"]
[Round "3.2"]
[White "Mydlar, Matej"]
[Black "Boff, Ondrej"]
[Result "1/2-1/2"]
[ECO "B32"]
[WhiteElo "1586"]
[BlackElo "1561"]
[Annotator "NA RC COMBH"]
[PlyCount "51"]
[EventDate "2023.03.09"]
[EventType "swiss"]
[EventCountry "CZE"]
[SourceTitle "playchess.com"]
[Source "ChessBase"]
[SourceQuality "1"]
[TimeControl "40/5400+30:1800+30"]

1. e4 c5 2. Nf3 Nc6 3. d4 cxd4 4. Nxd4 e5 5. Nb5 d6 6. c4 Be7 7. N1c3 a6 8. Na3 f5 9. f3 Nf6 10. Be2 O-O 11. O-O Be6 12. Be3 Rc8 13. Qd2 Nd7 14. Nd5 Bxd5 15. cxd5 Nd4 16. Bxd4 exd4 17. Nc2 Qb6 18. Nxd4 Bf6 19. Rfd1 fxe4 20. fxe4 Bxd4+ 21. Qxd4 Qxd4+ 22. Rxd4 Rc2 23. Bg4 Rff2 24. Be6+ Kh8 25. Bxd7 Rxg2+ 26. Kh1 1/2-1/2

[Event "CZE-ch U12 Open 2023"]
[Site "Teplice"]
[Date "2023.03.13"]
[Round "3.3"]
[White "Policar, Martin"]
[Black "Kroulik, Vaclav"]
[Result "1/2-1/2"]
[ECO "A37"]
[WhiteElo "1552"]
[BlackElo "1772"]
[Annotator "NA RC COMBH"]
[PlyCount "74"]
[EventDate "2023.03.09"]
[EventType "swiss"]
[EventCountry "CZE"]
[SourceTitle "playchess.com"]
[Source "ChessBase"]
[SourceQuality "1"]
[TimeControl "40/5400+30:1800+30"]

1. Nf3 c5 2. c4 g6 3. g3 Bg7 4. Bg2 Nc6 5. Nc3 d6 6. O-O e5 7. d3 Nge7 8. e4 O-O 9. Bd2 f5 10. Nh4 f4 11. gxf4 exf4 12. Nf3 Bg4 13. Ne2 Bxf3 14. Bxf3 g5 15. Bc3 Bxc3 16. bxc3 Ne5 17. Nc1 Qd7 18. Kh1 Kh8 19. Rg1 Rg8 20. Bg4 Nxg4 21. Qxg4 Qxg4 22. Rxg4 h5 23. Rg1 Nc6 24. Nb3 Ne5 25. Rad1 Rg6 26. h3 Rag8 27. d4 cxd4 28. Nxd4 Nxc4 29. Nf5 Re8 30. Rd4 b5 31. a4 a6 32. axb5 axb5 33. Rgd1 Ree6 34. Rb1 Re5 35. Rbd1 Ree6 36. Rb1 Re5 37. Rbd1 Ree6 1/2-1/2

[Event "CZE-ch U12 Open 2023"]
[Site "Teplice"]
[Date "2023.03.13"]
[Round "3.4"]
[White "Hladky, Mikulas"]
[Black "Mik, Tomas"]
[Result "0-1"]
[ECO "A05"]
[WhiteElo "1476"]
[BlackElo "1911"]
[Annotator "TA"]
[PlyCount "91"]
[EventDate "2023.03.09"]
[EventType "swiss"]
[EventCountry "CZE"]
[SourceTitle "playchess.com"]
[Source "ChessBase"]
[SourceQuality "1"]
[TimeControl "40/5400+30:1800+30"]

1. Nf3 Nf6 2. c4 g6 3. Nc3 Bg7 4. e4 d6 5. Be2 O-O 6. O-O Nbd7 7. d4 c5 8. Be3 Qc7 {[%emt 0:02:33] E91: King's Indian: Classical: 6 Be2, unusual replies including 6...c5 and 6...Bg4.} 9. d5 a6 {[%emt 0:00:43] [#]} 10. Qd2 $146 ({Predecessor:} 10. Re1 Ng4 11. Bf4 Nge5 12. Bg3 Nxf3+ 13. Bxf3 Rb8 14. Be2 {½-½ Ticona Rocabado,L (1693)-Zambrana Estrada,B (1426) Pan American-ch U20 2019 (8)}) 10... Re8 {[%emt 0:01:02] White is slightly better.} 11. Ne1 Nf8 12. Kh1 (12. a4 $16) 12... Rb8 13. f4 Bg4 14. Bxg4 Nxg4 15. h3 Nxe3 16. Qxe3 b5 17. cxb5 axb5 18. a3 b4 19. axb4 Rxb4 20. Qe2 Reb8 21. Ra2 c4 {[%emt 0:02:35] Black is more active.} 22. Nf3 Nd7 23. g4 $2 (23. e5 $17 {was forced.}) 23... Nc5 $19 24. Ne1 Qb7 25. Rf2 Nb3 {[%emt 0:04:12] ...Nc1 would be deadly.} 26. Qd1 {[%emt 0:01:39] Against Nc1} Nc5 (26... Ra8 $142 {...Rxa2 is the strong threat.} 27. Rxa8+ Qxa8) 27. Qe2 $1 Qb6 (27... Bxc3 $19 28. bxc3 Rb1) 28. Kg2 $2 (28. Qe3 $17) 28... Bd4 29. Nc2 Rxb2 $2 (29... Bxf2 $19 30. Nxb4 Bh4) 30. Rxb2 $16 Qxb2 31. Nd1 {[%emt 0:01:11][%mdl 64] [#] Deflection. A dynamic duo of knights.} (31. Nxd4 $2 {too greedy.} Qxc3 32. Qd2 Nxe4 33. Qxc3 Nxc3 $19) 31... Qc1 (31... Qb6 $16 32. Nxd4 Nd3) 32. Nxd4 $18 Nd3 {[%emt 0:00:10] Strongly threatening ...Rb1.} 33. Qd2 Qa1 34. Nc2 Qa4 35. Rf3 (35. Rf1 $18) 35... Qxc2 $1 $11 {[%emt 0:00:26][%mdl 64] [#] Remove Defender, Decoy. The position is equal.} 36. Qxc2 Ne1+ 37. Kf2 Nxc2 {[%emt 0:00:10][%cal Be1c2,Bc2b4,Bb4d3,Bd3c5][%mdl 4128] Endgame KRN-KRN} 38. Rc3 Nb4 39. Rxc4 Nd3+ 40. Ke3 Nc5 41. e5 Rb1 42. Nf2 Rb3+ 43. Ke2 Kg7 44. h4 Rb2+ 45. Ke3 Ra2 46. Nd3 {[%emt 0:00:30] Weighted Error Value: White=0.30/Black=0.36} 0-1

[Event "CZE-ch U12 Open 2023"]
[Site "Teplice"]
[Date "2023.03.13"]
[Round "3.5"]
[White "Mikulka, Martin Michael"]
[Black "Sochor, Vaclav"]
[Result "0-1"]
[ECO "B01"]
[WhiteElo "1786"]
[BlackElo "1503"]
[Annotator "NA RC COMBH"]
[PlyCount "54"]
[EventDate "2023.03.09"]
[EventType "swiss"]
[EventCountry "CZE"]
[SourceTitle "playchess.com"]
[Source "ChessBase"]
[SourceQuality "1"]
[TimeControl "40/5400+30:1800+30"]

1. e4 d5 2. exd5 Qxd5 3. Nc3 Qa5 4. Bc4 Nf6 5. d3 c6 6. Nge2 Bf5 7. O-O e6 8. Qe1 Be7 9. Ng3 Bg6 10. Kh1 O-O 11. Nd5 Qd8 12. Nxe7+ Qxe7 13. f4 Re8 14. Bd2 Nbd7 15. Ne4 b5 16. Bb3 Rac8 17. a4 a6 18. axb5 axb5 19. Ra7 Nxe4 20. dxe4 Ra8 21. Bb4 Qd8 22. Rxa8 Qxa8 23. Qd1 Nf6 24. f5 exf5 25. exf5 Bh5 26. Qd3 Be2 27. Qg3 Bxf1 0-1

[Event "CZE-ch U12 Open 2023"]
[Site "Teplice"]
[Date "2023.03.13"]
[Round "3.6"]
[White "Bara, Jan"]
[Black "Rendl, Lubos"]
[Result "1-0"]
[ECO "D44"]
[WhiteElo "1712"]
[BlackElo "1477"]
[Annotator "NA RC COMBH"]
[PlyCount "67"]
[EventDate "2023.03.09"]
[EventType "swiss"]
[EventCountry "CZE"]
[SourceTitle "playchess.com"]
[Source "ChessBase"]
[SourceQuality "1"]
[TimeControl "40/5400+30:1800+30"]

1. c4 e6 2. Nc3 Nf6 3. Nf3 c6 4. d4 d5 5. Bg5 dxc4 6. e4 b5 7. e5 h6 8. Bh4 g5 9. Nxg5 hxg5 10. Bxg5 Be7 11. Bxf6 Bxf6 12. exf6 Qxf6 13. Qd2 Rh4 14. O-O-O a5 15. g3 Rh5 16. Ne4 Qe7 17. Be2 Rd5 18. Qh6 Nd7 19. Qh8+ Nf8 20. Nf6+ Kd8 21. Nxd5 cxd5 22. h4 b4 23. g4 b3 24. axb3 Qb4 25. Rh3 a4 26. Qf6+ Ke8 27. Rf3 Ra7 28. bxa4 Nh7 29. Qh6 Rb7 30. Qd2 Qxa4 31. Ra3 Qb5 32. g5 e5 33. Ra5 c3 34. Bxb5+ 1-0

[Event "CZE-ch U12 Open 2023"]
[Site "Teplice"]
[Date "2023.03.13"]
[Round "3.7"]
[White "Frantsev, Iegor"]
[Black "Komarek, Tobias"]
[Result "1-0"]
[ECO "D00"]
[WhiteElo "1424"]
[BlackElo "1515"]
[Annotator "NA RC COMBH"]
[PlyCount "91"]
[EventDate "2023.03.09"]
[EventType "swiss"]
[EventCountry "CZE"]
[SourceTitle "playchess.com"]
[Source "ChessBase"]
[SourceQuality "1"]
[TimeControl "40/5400+30:1800+30"]

1. d4 d5 2. Bf4 Nf6 3. e3 c5 4. c3 Nc6 5. Nd2 Bf5 6. Qb3 c4 7. Nxc4 dxc4 8. Bxc4 e6 9. Qxb7 Qc8 10. Ba6 e5 11. dxe5 Nh5 12. e6 Bxe6 13. Qb5 Qd7 14. Qxh5 Rd8 15. Rd1 Qxd1+ 16. Qxd1 Rxd1+ 17. Kxd1 Bc5 18. Bb5 Bd7 19. Ke2 Ke7 20. Nf3 Bd6 21. Bxd6+ Kxd6 22. Rd1+ Kc7 23. Rxd7+ Kxd7 24. Ne5+ Kc7 25. Nxc6 a6 26. Ba4 Re8 27. Nd4 Rb8 28. b4 Kd6 29. Bb3 a5 30. a3 axb4 31. cxb4 Ra8 32. f3 Kd7 33. a4 Rb8 34. b5 Kd6 35. Nc6 Rb6 36. Kd3 Kc5 37. Bxf7 Rb7 38. Bb3 Rd7+ 39. Kc3 Rb7 40. e4 Rc7 41. e5 Rc8 42. e6 Rxc6 43. bxc6 Kxc6 44. a5 Kb5 45. e7 g5 46. e8=Q+ 1-0

[Event "CZE-ch U12 Open 2023"]
[Site "Teplice"]
[Date "2023.03.13"]
[Round "3.8"]
[White "Sboev, Kirill"]
[Black "Rudlof, Adam"]
[Result "0-1"]
[ECO "A58"]
[WhiteElo "1506"]
[BlackElo "1409"]
[Annotator "NA RC COMBH"]
[PlyCount "44"]
[EventDate "2023.03.09"]
[EventType "swiss"]
[EventCountry "CZE"]
[SourceTitle "playchess.com"]
[Source "ChessBase"]
[SourceQuality "1"]
[TimeControl "40/5400+30:1800+30"]

1. d4 Nf6 2. c4 c5 3. d5 b5 4. cxb5 a6 5. bxa6 Bxa6 6. Nc3 g6 7. e4 Bxf1 8. Kxf1 d6 9. Nf3 Bg7 10. g3 Nbd7 11. Kg2 O-O 12. Qe2 Qa5 13. Rd1 Rfb8 14. Nd2 Ne8 15. Nb3 Rxb3 16. axb3 Qxa1 17. Na4 Rb8 18. Qc4 Qa2 19. Rd3 Ne5 20. Qc2 Nxd3 21. Qxd3 Rxb3 22. Qc4 Rxg3+ 0-1

[Event "CZE-ch U12 Open 2023"]
[Site "Teplice"]
[Date "2023.03.13"]
[Round "3.9"]
[White "Sudrich, Radek"]
[Black "Migalko, Dmitriy"]
[Result "0-1"]
[ECO "B40"]
[WhiteElo "2054"]
[BlackElo "1581"]
[Annotator "TA"]
[PlyCount "114"]
[EventDate "2023.03.09"]
[EventType "swiss"]
[EventCountry "CZE"]
[SourceTitle "playchess.com"]
[Source "ChessBase"]
[SourceQuality "1"]
[TimeControl "40/5400+30:1800+30"]

1. e4 c5 2. Nf3 e6 3. d4 cxd4 4. Nxd4 Nf6 5. Nc3 Nc6 6. Be3 Bb4 7. f3 d5 8. Nxc6 bxc6 9. e5 {[%emt 0:00:10] 9.exd5 is the modern continuation. B45: Sicilian Four Knights.} Nd7 10. a3 (10. f4 $1 $15) 10... Bxc3+ 11. bxc3 {[%emt 0:00:11] Black is better.} O-O 12. f4 {[%emt 0:00:50] [#]} f6 $1 13. Qg4 Qe7 {[%emt 0:02:58] Black is weak on the dark squares} (13... fxe5 $17 {White must now prevent ...Nf6.} 14. Qxe6+ Kh8 15. Qxc6 (15. fxe5 $2 {too greedy.} Qh4+ 16. Kd1 Nc5 $19) 15... Rb8) 14. Qh4 $11 {[%emt 0:03:19] [#] Dodges} Qf7 $146 ({Predecessor:} 14... Rf7 15. Bd3 g6 16. exf6 Rxf6 17. O-O e5 18. Qg5 e4 19. Be2 Rf7 20. Qxe7 Rxe7 {½-½ Capone,N (2127)-Roos,D (2097) BEL-ch U20 Elite 2012 (7)}) 15. Bd3 g6 16. exf6 Qxf6 17. Qxf6 Rxf6 18. O-O e5 19. fxe5 Rxf1+ 20. Bxf1 Nxe5 21. Bd4 Nd7 22. Re1 Kf7 {[%emt 0:03:03] Dodges Re7+} 23. g3 (23. c4 $5 ) 23... Nf8 24. c4 Ne6 25. Ba1 Bd7 26. cxd5 cxd5 27. Bg2 Rc8 28. Bxd5 {[%emt 0:00:21] Strongly threatening c4.} Rxc2 29. Rf1+ (29. Bb3 $14 Rc8 30. Be5) 29... Ke7 30. Bf6+ {[%emt 0:00:50] This pair of bishops is nice.} Kd6 31. Bxe6 (31. Be4 $14 Rc5 32. Rd1+ Kc7 33. Be7) 31... Bxe6 $14 {[%emt 0:00:24][%mdl 4096] Endgame KRB-KRB} 32. Rd1+ Bd5 33. Be7+ {[%emt 0:00:22][%mdl 64] Deflection} Kc6 34. Kf1 Rxh2 {[%emt 0:00:41] aiming for ...Rh1+.} 35. Rc1+ Kd7 36. Bg5 h6 {[%emt 0:01:29] Black is more active.} 37. Bf4 g5 38. Be3 Ke6 (38... Ra2 $15 39. Bxa7 Rxa3) 39. Re1 Kf5 {[%emt 0:00:42] And now ...Kg4 would win.} 40. Bxa7 Kg4 {[%emt 0:01:19] ...Rh1+ is the strong threat.} 41. Kg1 {[%emt 0:32:21][%mdl 8192] [#] Now White is beyond hope.} (41. Re3 $15) 41... Rh1+ $1 $19 (41... Kxg3 $2 42. Bb8+ Kf3 43. Kxh2 $18) 42. Kf2 Rxe1 43. Kxe1 Kxg3 {[%emt 0:00:03] ( -> ...h5). KB-KB} 44. Kf1 h5 {[%emt 0:00:23] Black mates.} 45. a4 h4 46. Kg1 g4 47. a5 Bb7 48. Bb6 Kh3 49. Bc7 g3 50. Bd6 Kg4 51. Be5 h3 52. Bxg3 Kxg3 {[%emt 0:00:06] KB-KP} 53. a6 h2+ 54. Kf1 Bxa6+ 55. Ke1 h1=Q+ 56. Kd2 Qd5+ 57. Ke3 Qd3# {[%emt 0:00:07] Weighted Error Value: White=0.39/Black=0.12 (very precise)} 0-1

[Event "CZE-ch U12 Open 2023"]
[Site "Teplice"]
[Date "2023.03.13"]
[Round "3.10"]
[White "Tejnor, Martin"]
[Black "Maly, Jiri"]
[Result "1/2-1/2"]
[ECO "C44"]
[WhiteElo "1360"]
[BlackElo "1520"]
[Annotator "NA RC COMBH"]
[PlyCount "54"]
[EventDate "2023.03.09"]
[EventType "swiss"]
[EventCountry "CZE"]
[SourceTitle "playchess.com"]
[Source "ChessBase"]
[SourceQuality "1"]
[TimeControl "40/5400+30:1800+30"]

1. e4 e5 2. Nf3 Nc6 3. d4 exd4 4. Nxd4 Nf6 5. Nc3 Bb4 6. Nxc6 bxc6 7. Bd3 d5 8. exd5 cxd5 9. O-O O-O 10. h3 Rb8 11. Qf3 Rb6 12. Bf4 Bb7 13. Rad1 Re8 14. Bf5 Bd6 15. Bxd6 Rxd6 16. Na4 Ne4 17. Rfe1 g6 18. Bxe4 dxe4 19. Qe2 Re5 20. Nc3 Qe7 21. Qe3 a6 22. Rd2 Rxd2 23. Qxd2 Qd6 24. Qe3 Qc5 25. Qd2 Qd6 26. Qe3 Qc5 27. Qd2 Qd6 1/2-1/2

[Event "CZE-ch U12 Open 2023"]
[Site "Teplice"]
[Date "2023.03.13"]
[Round "3.11"]
[White "Mazurek, Richard"]
[Black "Krisica, Lukas"]
[Result "1/2-1/2"]
[ECO "A30"]
[WhiteElo "1137"]
[BlackElo "1342"]
[Annotator "NA RC COMBH"]
[PlyCount "85"]
[EventDate "2023.03.09"]
[EventType "swiss"]
[EventCountry "CZE"]
[SourceTitle "playchess.com"]
[Source "ChessBase"]
[SourceQuality "1"]
[TimeControl "40/5400+30:1800+30"]

1. c4 c5 2. g3 e6 3. Bg2 Nc6 4. Nf3 a6 5. Nc3 b6 6. O-O Bb7 7. d3 Nf6 8. b3 d6 9. Bb2 Be7 10. e3 O-O 11. Qd2 Qc7 12. Rfe1 Rac8 13. Rad1 Rfe8 14. Re2 h6 15. Qe1 Rcd8 16. Red2 Rd7 17. Qe2 Red8 18. h3 Qb8 19. Kh2 d5 20. cxd5 Nxd5 21. Nxd5 Rxd5 22. d4 cxd4 23. Nxd4 R5d6 24. Nxc6 Bxc6 25. Bxc6 Rxc6 26. Rxd8+ Bxd8 27. Qd3 Be7 28. Qd7 Rd6 29. Rxd6 Qxd6 30. Qxd6 Bxd6 31. Kg2 f6 32. Kf3 Kf7 33. g4 f5 34. Bd4 b5 35. e4 e5 36. Bb6 f4 37. h4 g6 38. h5 gxh5 39. gxh5 Kf6 40. Kg4 Ke6 41. Bd8 Bc5 42. f3 Bd6 43. Bh4 1/2-1/2